 Dungeon Crawl Stone Soup version 0.18-a0-884-gb6cfd45 (webtiles) character file.

54 Jmtri7 the Covered (level 3, 0/30 HPs)
             Began as a Minotaur Skald on Dec 23, 2015.
             Slain by an orc priest
             ... wielding a +0 flail
              (3 damage)
             ... on level 3 of the Dungeon.
             The game lasted 00:05:06 (959 turns).

Jmtri7 the Covered (Minotaur Skald)                  Turns: 959, Time: 00:05:06

Health: 0/30       AC:  3    Str: 17    XL:     3   Next: 66%
Magic:  1/4        EV: 11    Int:  9    God:
Gold:   30         SH:  0    Dex:  9    Spells: 2 memorised, 2 levels left

rFire  . . .     SeeInvis .     a - +0 spear
rCold  . . .     Gourm    .     b - +0 leather armour
rNeg   . . .     Faith    .     (no shield)
rPois  .         Spirit   .     (helmet restricted)
rElec  .         Dismiss  .     (no cloak)
rCorr  .         Reflect  .     (no gloves)
SustAt .         Harm     .     (no boots)
MR     .....                    (no amulet)
Stlth  +.........               (no ring)
                                (no ring)

@: infused (expiring), singing, not resistant to hostile enchantments, very
unstealthy
A: retaliatory headbutt, horns 2
a: Stop Singing


You were on level 3 of the Dungeon.
You were hungry.

You visited 1 branch of the dungeon, and saw 3 of its levels.

You collected 30 gold pieces.

Inventory:

Hand Weapons
 a - a +0 spear (weapon)
 k - a +0 hand axe
Missiles
 i - 12 poisoned needles
Armour
 b - a +0 leather armour (worn)
Jewellery
 l - an uncursed ring of protection from fire {unknown}
Scrolls
 e - a scroll of remove curse {unknown}
 h - a scroll of immolation {unknown}
 j - a scroll of random uselessness {unknown}
Potions
 f - 2 potions of agility {unknown}
Books
 c - a book of Battle

   Spells                             Type                      Level
   a - Infusion                       Charms                       1
   b - Shroud of Golubria             Charms/Translocation         2
   c - Song of Slaying                Charms                       2
   d - Spectral Weapon                Hexes/Charms                 3
   e - Regeneration                   Charms/Necromancy            3
Comestibles
 d - a bread ration
 g - a meat ration


   Skills:
 - Level 2.4 Fighting
 - Level 2.4 Polearms
 * Level 3.2 Armour
 - Level 1.1 Dodging
 + Level 1.7 Spellcasting
 + Level 2.3 Charms


You had 2 spell levels left.
You knew the following spells:

 Your Spells              Type           Power        Failure   Level  Hunger
a - Infusion              Chrm           #.....       17%         1    ##.....
b - Song of Slaying       Chrm           #.......     28%         2    ###....


Dungeon Overview and Level Annotations

Branches:
Dungeon (3/15)

Altars:


Innate Abilities, Weirdness & Mutations

You reflexively headbutt those who attack you in melee.
You have a pair of horns on your head.


Message History

Your magical infusion is running out.
The orc hits you with a whip.
The orc priest mumbles some strange prayers to Beogh against you.
Something smites you!
* * * LOW HITPOINT WARNING * * *
You barely miss the orc. The orc misses you.
You hit the orc.
You kill the orc!
You hit the hobgoblin. You headbutt the hobgoblin.
You kill the hobgoblin!
You hit the orc priest but do no damage.
You headbutt the orc priest!
The orc priest is heavily wounded.
The orc priest barely misses you.
You hit the orc priest but do no damage.
The orc priest is heavily wounded.
You hit the orc priest but do no damage.
The orc priest is heavily wounded.
The orc priest hits you with a flail.
You die...

#####.#....#.#.#
........#..#.#.# ######
#####.#.#.(#.#.# #....#
#.....#.#..#.#.# #....#
#.....#.#..#.#.# #....#
#.....#.#..#.#.####....#
#.....#.#..†...........+
#.....#.#..†....###....#####
#.....#.##†.....@o..........
#.....#.##......###....######
#####...##......#...........#
######......#...........#
#......#...........#
#..[...#...........#
#......#...........#####
#......#...........##...
#......#...............o


You could see an orc priest.

Vanquished Creatures
  3 adders
  3 orcs (D:3)
  2 bats (D:2)
  3 hobgoblins
  A ball python (D:2)
  3 giant newts
  6 goblins
  2 kobolds
  6 rats
29 creatures vanquished.

Notes
Turn   | Place    | Note
--------------------------------------------------------------
     0 | D:1      | Jmtri7 the Minotaur Skald began the quest for the Orb.
     0 | D:1      | Reached XP level 1. HP: 18/18 MP: 1/1
     2 | D:1      | Noticed a minotaur
     2 | D:1      | Noticed a naga
     4 | D:1      | Noticed a ghoul
     6 | D:1      | Noticed a demigod
     8 | D:1      | Noticed a formicid
     8 | D:1      | Noticed a demonspawn
    10 | D:1      | Noticed a draconian
    10 | D:1      | Noticed an ogre
    12 | D:1      | Noticed a tengu
    15 | D:1      | Noticed a centaur
    17 | D:1      | Noticed a dwarf
    17 | D:1      | Noticed a vine stalker
    19 | D:1      | Noticed a felid
    19 | D:1      | Noticed a spriggan
    21 | D:1      | Noticed a merfolk
    21 | D:1      | Noticed a human
    23 | D:1      | Noticed a gargoyle
    23 | D:1      | Noticed an elf
    25 | D:1      | Noticed a troll
    25 | D:1      | Noticed a vampire
    27 | D:1      | Noticed an octopode
   239 | D:2      | Reached XP level 2. HP: 20/25 MP: 1/3
   243 | D:2      | Learned a level 2 spell: Song of Slaying
   690 | D:3      | Reached XP level 3. HP: 27/30 MP: 4/4
   912 | D:3      | Reached skill level 3 in Armour
   959 | D:3      | Slain by an orc priest

Vault maps used:
D:1:      kb_arrival_jail

Action                   || total
-------------------------++-------
Melee: Spear             ||    62
 Cast: Infusion          ||     6
       Song of Slaying   ||     2
